 Dungeon Crawl Stone Soup version 0.30-a0-883-g5ad918d77d (webtiles) character file.

Game seed: 17817556813089788043

746 cheesebisquit the Chiller (level 7, 0/46 HPs)
             Began as a Merfolk Ice Elementalist on Mar 16, 2023.
             Slain by a phantom (7 damage)
             ... on level 5 of the Dungeon.
             The game lasted 00:23:37 (4085 turns).

cheesebisquit the Chiller (MfIE)                    Turns: 4085, Time: 00:23:38

Health: 0/46       AC:  3    Str:  9      XL:     7   Next: 77%
Magic:  12/12      EV: 11    Int: 16      God:
Gold:   173        SH:  8    Dex: 13 (14) Spells: 2/13 levels left

rFire   . . .      SeeInvis .    l - +2 trident (heavy)
rCold   . . .      Faith    .    c - +0 kite shield
rNeg    . . .      Spirit   .    a - +0 robe
rPois   +          Reflect  .    (no helmet)
rElec   .          Rampage  .    s - +0 cloak
rCorr   .                        (no gloves)
Will    +....                    (no boots)
Stlth   +                        m - amulet of regeneration
HPRegen 1.07/turn                k - ring of willpower
MPRegen 0.13/turn                y - ring of poison resistance

@: silenced
A: (nimble swimmer 2), mertail
a: no special abilities


You were on level 5 of the Dungeon.
You visited 1 branch of the dungeon, and saw 5 of its levels.
You also visited: Ossuary.

You collected 173 gold pieces.

Inventory:

Hand Weapons
 l - a +2 heavy trident (weapon)
Missiles
 q - 3 silver boomerangs
 z - 3 poisoned darts
Armour
 a - a +0 robe (worn)
 c - a +0 kite shield (worn)
 r - a +1 ring mail of positive energy
 s - a +0 cloak (worn)
Jewellery
 k - a ring of willpower (left hand)
 m - an amulet of regeneration (around neck)
 y - a ring of poison resistance (right hand)
Wands
 n - a wand of flame (17)
Scrolls
 e - 2 scrolls of identify
 g - 3 scrolls of blinking
 h - a scroll of fear {unknown}
 i - a scroll of enchant armour {unknown}
 j - a scroll of enchant weapon
 o - a scroll of silence
 p - a scroll of teleportation {unknown}
 u - a scroll of poison {unknown}
 x - a scroll of brand weapon {unknown}
Potions
 b - a potion of magic
 d - 4 potions of curing {unknown}
 f - 2 potions of invisibility {unknown}
 t - 2 potions of mutation {unknown}
 v - a potion of cancellation {unknown}
 w - a potion of might {unknown}


   Skills:
 + Level 4.3 Polearms
 - Level 2.6 Dodging
 - Level 2.1 Stealth
 + Level 3.4 Shields
 + Level 3.9 Spellcasting
 * Level 7.3 Ice Magic


You had 2 spell levels left.
You knew the following spells:

 Your Spells              Type           Power      Damage    Failure   Level
a - Freeze                Ice            100%       1d10      2%          1
b - Frozen Ramparts       Ice            52%        1d8       8%          3
c - Ozocubu's Armour      Ice            26%        N/A       8%          3
d - Summon Ice Beast      Ice/Summ       14%        N/A       75%         4

Your spell library contained the following spells:

 Spells                   Type           Power      Damage    Failure   Level
 Airstrike                Air            1%         2d(1-17)  99%         4
 Summon Lightning Spire   Summ/Air       3%         N/A       99%         4
 Lightning Bolt           Conj/Air       1%         1d12      100%        5


Dungeon Overview and Level Annotations

Branches:
Dungeon (5/15)            Ossuary (visited)
 Temple: D:4-7

Altars:
Xom

Annotations:
D:5 Eustachio


Innate Abilities, Weirdness & Mutations

((You are very nimble when in or above water. (Stealth+, EV+, Speed+++)))
Your lower body shifts to a powerful aquatic tail in water.


Message History

The phantom hits you.
The phantom blinks!
You blink.
You stop ascending the stairs.
Okay, then.
Okay, then.
The phantom attacks as you move away! The phantom closely misses you.
Found a potion of magic.
The phantom attacks as you move away! The phantom misses you.
The phantom attacks as you move away! The phantom misses you.
Eustachio casts a spell.
Eustachio blinks!
The phantom attacks as you move away! The phantom hits you.
As you read the scroll labelled AJOFUV IWOMAUZ, it crumbles to dust.
It is a scroll of identify.
g - 3 scrolls of blinking The phantom hits you.
The phantom blinks!
You blink.
As you read the scroll labelled OGAHYE TAZUSCH, it crumbles to dust.
It is a scroll of enchant weapon.
Your +1 heavy trident glows red for a moment.
You block the rat's attack. The river rat bites you! The phantom misses you.
As you read the scroll labelled TUONEV GAAXEJ, it crumbles to dust.
A profound silence engulfs you.
It was a scroll of silence.
The hound barely misses you. The rat bites you.
The river rat barely misses you. The phantom hits you.
The phantom blinks!
You blink.
The ogre barely misses you. The rat bites you. You block Eustachio's attack.
You closely miss the rat. The hound barely misses you.
The hound bites you but does no damage. You block the rat's attack.
You block Eustachio's attack. You block the phantom's attack.
You block the hound's attack. The ogre hits you with a +0 giant club!
* * * LOW HITPOINT WARNING * * *
Magic scrolls do not work when you're silenced!
The river rat attacks as you move away! You block the river rat's attack.
The rat attacks as you move away! The rat closely misses you.
The phantom hits you but does no damage.
The hound bites you.
* * * LOW HITPOINT WARNING * * *
Okay, then.
The phantom attacks as you move away! You block the phantom's attack.
The phantom attacks as you move away! The phantom hits you!
You die...

#.#......................
#........................
#......................
#......................
#......................
#..!..>................
#......................
#.......OhWr@..........
#.........r@...........
#......................
#......................
#......................
.......................
......................
.....................
....................
..........ยง........


You could see Eustachio, an ogre, a phantom, a hound, a river rat (summoned) and
a rat (summoned).

Vanquished Creatures
  A black bear (D:4)
  A kobold brigand (D:4)
  4 water moccasin zombies (Ossuary)
  2 hounds (D:4)
  Crazy Yiuf (D:3)
  2 orc priests (D:3)
  An iguana (D:4)
  An orc wizard (D:3)
  3 mummies
  8 adder zombies (Ossuary)
  A worm (D:2)
  3 dart slugs
  12 orcs (D:3)
  6 endoplasms
  5 giant cockroaches
  7 gnoll zombies (Ossuary)
  3 hobgoblins
  3 jackals (D:2)
  6 kobolds
  3 quokkas
  5 ball pythons
  8 bats
  A frilled lizard (D:2)
  4 goblins
  3 hobgoblin zombies
  6 kobold zombies
  4 orc zombies (Ossuary)
  2 rats
106 creatures vanquished.

Vanquished Creatures (others)
  10 fungi (D:4)
  3 plants (D:1)
  2 withered plants (D:1)
15 creatures vanquished.

Grand Total: 121 creatures vanquished

Notes
Turn   | Place    | Note
-------+----------+-------------------------------------------
     0 | D:1      | cheesebisquit the Merfolk Ice Elementalist began the quest
                  | for the Orb.
     0 | D:1      | Reached XP level 1. HP: 13/13 MP: 3/3
   601 | D:1      | Reached XP level 2. HP: 19/19 MP: 0/5
   819 | D:1      | Found a faded altar of an unknown god.
  1237 | D:2      | Reached XP level 3. HP: 15/24 MP: 4/6
  1323 | D:2      | Reached skill level 5 in Ice Magic
  1393 | D:2      | Reached skill level 1 in Polearms
  1790 | D:3      | Reached skill level 1 in Shields
  1830 | D:3      | Reached XP level 4. HP: 19/30 MP: 2/7
  1927 | D:3      | HP: 1/30 [orc priest/+0 hand axe (6)]
  1929 | D:3      | Reached XP level 5. HP: 2/35 MP: 1/9
  2435 | D:3      | Found a runed translucent door.
  2436 | D:3      | Noticed Crazy Yiuf
  2446 | D:3      | Killed Crazy Yiuf
  2675 | D:3      | Found a shimmering altar of Xom.
  2756 | D:4      | Noticed a black bear
  2763 | D:4      | Killed a black bear
  2764 | D:4      | Reached skill level 6 in Ice Magic
  2764 | D:4      | Reached XP level 6. HP: 38/41 MP: 7/10
  2768 | D:4      | Learned a level 3 spell: Frozen Ramparts
  2772 | D:4      | Learned a level 3 spell: Ozocubu's Armour
  2779 | D:3      | Learned a level 4 spell: Summon Ice Beast
  2836 | D:4      | Found a sand-covered staircase.
  2850 | Ossuary  | Entered an ossuary
  3008 | Ossuary  | Reached XP level 7. HP: 43/46 MP: 9/12
  3107 | Ossuary  | Reached skill level 7 in Ice Magic
  3968 | D:5      | Entered Level 5 of the Dungeon
  3972 | D:5      | Noticed Eustachio
  4085 | D:5      | Slain by a phantom

Illustrated notes

Levels and vault maps discovered:
D:1:      wander_arrival_lonely_grave, layout_basic,
          shapermc_ecumenical_altar_flowoftime
D:2:      layout_basic
D:3:      layout_basic, mainiacjoe_overflow_alcove_2, uniq_crazy_yiuf_cottage
D:4:      layout_loops_cross, nicolae_ossuary_entry_giza, serial_aquarium,
          aquarium_bridge_island_small [aquarium_subvault_small_water,
          aquarium_subvault_bridge, aquarium_subvault_wall,
          aquarium_subvault_bridge, aquarium_subvault_window],
          aquarium_bridge_long_separate [aquarium_subvault_window,
          aquarium_subvault_wall, aquarium_subvault_bridge,
          aquarium_subvault_window, aquarium_subvault_window,
          aquarium_subvault_bridge], aquarium_window_fake,
          aquarium_window_corner, aquarium_window_1, aquarium_view_2g,
          aquarium_pool_2, minmay_misc_feat_room
D:5:      layout_layer_cave, kennysheep_orc_sif_temple, lemuel_doored_altar,
          uniq_eustachio

Skill      XL: |  1  2  3  4  5  6  7 |
---------------+----------------------+-----
Ice Magic      | 5 6 7 |  7.3
Polearms       | 1 2 3 4 |  4.3
Shields        | 1 2 3 |  3.4
Spellcasting   | 3 |  3.9
Dodging        | |  2.6
Stealth        | |  2.1

Action                     |  1- 3 |  4- 6 |  7- 9 || total
---------------------------+-------+-------+-------++-------
  Melee: Trident           |    49 |   106 |    77 ||   232
         Battleaxe         |     3 |       |       ||     3
  Throw: Boomerang         |       |     1 |       ||     1
   Cast: Freeze            |    20 |    43 |    21 ||    84
         Ozocubu's Armour  |       |     4 |     1 ||     5
  Evoke: Wand              |       |     3 |       ||     3
    Use: Scroll            |       |     1 |     3 ||     4
   Stab: Sleeping          |    13 |     9 |    11 ||    33
         Distracted        |     1 |       |       ||     1
 Armour: Robe              |     9 |    25 |    21 ||    55
  Dodge: Dodged            |    26 |    62 |    68 ||   156
  Block: Kite shield       |    18 |    54 |    55 ||   127

Table legend: (Time is in decaauts)
 A = Elapsed time spent in this place.
 B = Non-inter-level travel time spent in this place.
 C = Inter-level travel time spent in this place.
 D = Time resting spent in this place.
 E = Time spent auto-exploring this place.
 F = Levels seen in this place.
 G = Mean time per level.
                   A        B        C        D        E       F      G
               +--------+--------+--------+--------+--------+-----+--------+
         Total |   4284 |   4118 |    166 |    176 |   2957 |   6 |  714.0 |
       Dungeon |   3857 |   3691 |    166 |    141 |   2826 |   5 |  771.4 |
       Ossuary |    426 |    426 |      0 |     35 |    131 |   1 |  426.0 |
               +--------+--------+--------+--------+--------+-----+--------+

Top non-repeatable levels by time:
     D:3: 1044 daAuts
     D:4: 973 daAuts
     D:1: 964 daAuts
     D:2: 830 daAuts
 Ossuary: 426 daAuts
     D:5: 44 daAuts
